 Dungeon Crawl Stone Soup version 0.27.0-1-g7a089689b8 (webtiles) character file.

Game seed: 1532256410643023778

305 gimp the Digger (level 6, -4/49 HPs)
             Began as a Naga Earth Elementalist on Aug 5, 2021.
             Slain by Edmund (9 damage)
             ... on level 4 of the Dungeon.
             The game lasted 00:05:20 (3011 turns).

gimp the Digger (Naga Earth Elementalist)           Turns: 3011, Time: 00:05:21

Health: -4/49      AC:  3    Str: 10    XL:     6   Next: 39%
Magic:  2/10       EV:  9    Int: 18    God:
Gold:   167        SH:  0    Dex: 11    Spells: 7/11 levels left

rFire    . . .     SeeInvis +   b - +3 spear
rCold    . . .     Faith    .   (no shield)
rNeg     + . .     Spirit   .   d - +0 robe {rN+}
rPois    +         Reflect  .   (no helmet)
rElec    .         Harm     .   (no cloak)
rCorr    .         Rampage  .   (no gloves)
Will     .....                  (no barding)
Stlth    ++........             (no amulet)
HPRegen  0.16/turn              (no ring)
MPRegen  0.12/turn              (no ring)

@: very slightly contaminated, very slow
A: AC +2, large, see invisible, deformed body, poison resistance, slowness 2,
spit poison 1, naga tail 1
a: Spit Poison


You were on level 4 of the Dungeon.
You visited 1 branch of the dungeon, and saw 4 of its levels.

You collected 167 gold pieces.

Inventory:

Hand Weapons
 a - a +0 dagger
 b - a +3 spear (weapon)
Missiles
 n - 20 stones
Armour
 d - a +0 robe of positive energy (worn)
 j - a +0 tower shield
Jewellery
 q - a ring of wizardry
Scrolls
 g - 2 scrolls of teleportation {unknown}
 i - a scroll of acquirement {unknown}
 k - a scroll of magic mapping {unknown}
 l - a scroll of holy word {unknown}
 m - a scroll of noise {unknown}
Potions
 c - a potion of lignification {unknown}
 e - a potion of flight {unknown}
 f - a potion of mutation {unknown}
 h - 4 potions of brilliance {unknown}
 o - 2 potions of curing {unknown}
 p - a potion of invisibility
 r - a potion of haste {unknown}


   Skills:
 - Level 1.5 Dodging
 - Level 3.0 Stealth
 + Level 3.2 Spellcasting
 * Level 3.2 Conjurations
 - Level 1.0 Transmutations
 * Level 5.2 Earth Magic


You had 7 spell levels left.
You knew the following spells:

 Your Spells              Type           Power      Damage    Failure   Level
a - Stone Arrow           Conj/Erth      36%        3d9       9%          3
b - Sandblast             Erth           42%        2d11      1%          1

Your spell library contained the following spells:

 Spells                   Type           Power      Damage    Failure   Level
 Passwall                 Tmut/Erth      11%        N/A       7%          2
 Petrify                  Tmut/Erth      14%        N/A       41%         4


Dungeon Overview and Level Annotations

Branches:
Dungeon (4/15)
 Temple: D:4-7

Altars:
Ru

Annotations:
D:4 Edmund


Innate Abilities, Weirdness & Mutations

Your serpentine skin is tough. (AC +2)
You have supernaturally acute eyesight. (SInv)
Armour fits poorly on your strangely shaped body.
Your system is resistant to poisons. (rPois)
You cover ground very slowly.
You can spit poison.
You have a snake-like lower body.


Message History

You take 10 damage, and have 39/49 hp.
MASSIVE DAMAGE!!
You now have 4/10 mp.
Casting: Stone Arrow (dangerous; 9% risk of failure)
Confirm with . or Enter, or press ? or * to list all spells.
Aiming: Stone Arrow (dangerous; 9% risk of failure)
Press: ? - help, Shift-Dir - straight line, f/p - Edmund
Aim: Edmund, wielding a +7 flail of holy wrath and wearing a +0 scale mail (almost dead, poisoned, 72% to hit)
You miscast Stone Arrow.
Nothing appears to happen.
Edmund hits you but does no damage.
You now have 1/10 mp.
Casting: Stone Arrow (dangerous; 9% risk of failure)
Confirm with . or Enter, or press ? or * to list all spells.
You don't have enough magic to cast this spell.
You hit Edmund but do no damage.
Edmund is almost dead.
Edmund looks more healthy.
Edmund hits you with a +7 flail of holy wrath!
You take 8 damage, and have 32/49 hp.
You barely miss Edmund.
Edmund is almost dead.
You have got your breath back.
Edmund barely misses you.
You barely miss Edmund.
Edmund is almost dead.
Edmund hits you with a +7 flail of holy wrath!
The jackal bites you but does no damage.
You take 10 damage, and have 22/49 hp.
MASSIVE DAMAGE!!
You are too injured to fight recklessly!
You are too injured to fight recklessly!
The jackal bites you but does no damage.
The jackal closely misses you.
You hit Edmund.
Edmund is almost dead.
Edmund hits you with a +7 flail of holy wrath!
* * * LOW HITPOINT WARNING * * *
The jackal bites you.
* * * LOW HITPOINT WARNING * * *
The jackal barely misses you.
You take 17 damage, and have 5/49 hp.
MASSIVE DAMAGE!!
Edmund hits you with a +7 flail of holy wrath!
You die...

#.. #.# #.. #.. #.#
###### # #####
#.####....#.#
......#h##.....<..#
.......hh@.).>#####
......#.@...........
.#.........#########
#.........#
#......<..#
#..####.#.# #..
....# .. ######


You could see Edmund and 3 jackals.

Vanquished Creatures
  Grinder (D:3)
  A hound (D:1)
  2 adders
  2 worms (D:2)
  A dart slug (D:1)
  3 orcs (D:3)
  3 ball pythons
  8 bats
  7 endoplasms
  4 giant cockroaches
  6 hobgoblins
  2 jackals (D:2)
  2 quokkas
  6 frilled lizards
  A goblin (D:2)
  8 kobolds
  8 rats
65 creatures vanquished.

Notes
Turn   | Place    | Note
-------+----------+-------------------------------------------
     0 | D:1      | gimp the Naga Earth Elementalist began the quest for the
                  | Orb.
     0 | D:1      | Reached XP level 1. HP: 15/15 MP: 3/3
   142 | D:1      | Reached XP level 2. HP: 22/22 MP: 3/5
   497 | D:1      | Reached XP level 3. HP: 28/28 MP: 6/6
   560 | D:1      | Learned a level 3 spell: Stone Arrow
   775 | D:1      | Reached skill level 1 in Conjurations
   775 | D:1      | Reached skill level 4 in Earth Magic
   978 | D:1      | Reached XP level 4. HP: 33/36 MP: 7/7
  1072 | D:2      | Found a sacrificial altar of Ru.
  1566 | D:2      | Found a faded altar of an unknown god.
  2257 | D:3      | Reached XP level 5. HP: 35/42 MP: 9/9
  2566 | D:3      | Noticed Grinder
  2571 | D:3      | Paralysed by Grinder for 6 turns
  2580 | D:3      | Killed Grinder
  2581 | D:3      | Reached skill level 5 in Earth Magic
  2581 | D:3      | Reached XP level 6. HP: 23/49 MP: 4/10
  2999 | D:4      | Noticed Edmund
  3011 | D:4      | Slain by Edmund

Illustrated notes

Levels and vault maps discovered:
D:1:      heliophobic_arrival_glass_houses, layout_rooms
D:2:      cheibrodos_helix_gallery, layout_rooms,
          ebering_ecumenical_altar_sacrificial, basic_altar, grunt_ministairs_15
D:3:      layout_rooms, uniq_grinder
D:4:      layout_basic, temple_doors_e, minmay_misc_feat_ornament,
          abandoned_shop, uniq_edmund

Skill      XL: |  1  2  3  4  5 |
---------------+----------------+-----
Conjurations   | 1 3 |  3.2
Earth Magic    | 4 5 |  5.2
Spellcasting   | 3 |  3.2
Dodging        | |  1.5
Stealth        | |  3.0
Transmutations | |  1.0

Action                   |  1- 3 |  4- 6 || total
-------------------------+-------+-------++-------
Melee: Dagger            |     7 |    12 ||    19
       Unarmed           |     1 |       ||     1
       Spear             |       |    97 ||    97
 Cast: Sandblast         |    27 |     4 ||    31
       Stone Arrow       |       |     5 ||     5
 Abil: Spit Poison       |    20 |    22 ||    42
 Stab: Sleeping          |       |     4 ||     4
Armor: Robe              |     6 |    30 ||    36
Dodge: Dodged            |    10 |    48 ||    58
